Workbook
Name Texto479: 'COMPTE JUSTIFICATIU 1'!$I$132
Name Texto479: 'COMPTE JUSTIFICATIU 2'!$I$132
Name Texto479: 'COMPTE JUSTIFICATIU 3'!$I$132
Name Texto491: 'COMPTE JUSTIFICATIU 1'!$J$132
Name Texto491: 'COMPTE JUSTIFICATIU 2'!$J$132
Name Texto491: 'COMPTE JUSTIFICATIU 3'!$J$132

Sheet COMPTE JUSTIFICATIU 1
B1: COMPTE JUSTIFICATIU SIMPLIFICAT
B2: SUBVENCIONS EN RÈGIM DE CONCURRÈNCIA COMPETITIVA - 2025 | N2: VERIFICACIÓ DEL TRÀMIT
N3: Dades del beneficiari | O3: =IF(AND(LEN(D5)>0,LEN(J5)>0),"Correcte!","Reviseu les dades") -> Reviseu les dades
B4: DADES DEL BENEFICIARI | N4: Dades de la concessió | O4: =IF(AND(LEN(E8)>29,LEN(E9)>0,E10>0,I10>0),"Correcte!","Reviseu les dades") -> Reviseu les dades
B5: Entitat: | D5: --- Seleccioneu una opció --- | I5: CIF: | J5: =VLOOKUP(D5,'CONCESSIONS 2025'!A2:B25,2,FALSE) | N5: Memòria de realització | O5: =IF(AND(LEN(B14)>50,LEN(B16)>50),"Correcte!","Reviseu les dades") -> Reviseu les dades
N6: Relació de despeses | O6: =IF(OR(LEN(M42)>20,K42=0,LEN(M43)),"Reviseu les dades","Correcte!") -> Reviseu les dades
B7: DADES DE LA CONCESSIÓ | N7: Estructura de finançament | O7: =IF(OR(J69=0,LEN(M82)>20,LEN(M64)>20),"Reviseu les dades","Correcte!") -> Reviseu les dades
B8: Línia: | E8: --- Seleccioneu una opció --- | N8: Altres subvencions rebudes | O8: =IF(OR(LEN(M88)>20,LEN(M96)>20,LEN(M87)>5),"Reviseu les dades","Correcte!") -> Reviseu les dades
B9: Nom de l'actuació: | E9: =IFERROR(VLOOKUP(E11,'CONCESSIONS 2025'!A77:C121,2,FALSE),"") | N9: Recordatori: - Presenteu aquest formulari en format Excel (no passar-lo a PDF) - Adjunteu les factures enumerades dins un fitxer comprimit (.zip o .rar)
B10: Import subvenció: | E10: =IFERROR(VLOOKUP(E11,'CONCESSIONS 2025'!A77:C121,3,FALSE),"") | G10: Cost total de l'actuació: | I10: =IF(J80=0,"No cal omplir (càlcul automàtic)",J80) -> No cal omplir (càlcul automàtic)
E11: =J5&"_"&E8 -> _--- Seleccioneu una opció ---
B12: MEMÒRIA DE REALITZACIÓ DE L'ACTUACIÓ
B13: Descripció de l'activitat o activitats subvencionades (temporalització, actes realitzats...):
M14: =IF(LEN(B14)>100,"","<< Llargada mínima 100 caràcters.") -> << Llargada mínima 100 caràcters.
B15: Resultats obtinguts / Conclusions (impacte, incidències...):
M16: =IF(LEN(B16)>100,"","<< Llargada mínima 100 caràcters.") -> << Llargada mínima 100 caràcters.
B18: MEMÒRIA ECONÒMICA
B20: Relació de despeses
B21: Núm. Ordre | C21: Tipus de document [2] | D21: Núm. de document [3] | E21: Data del document o període nòmina | F21: Proveïdor o Tercer | G21: NIF o CIF | H21: Objecte de les factures [4] | I21: Import [5] | J21: % Imputat | K21: Import imputat [6]
B22: 1 | I22: 0 | J22: =IF(K22>0,K22/I22,0) -> 0 | K22: 0 | M22: =IF(K22>I22,"<< L'import imputat no pot ser superior a l'import de la factura/tiquet.","")
B23: 2 | I23: 0 | J23: =IF(K23>0,K23/I23,0) -> 0 | K23: 0 | M23: =IF(K23>I23,"<< L'import imputat no pot ser superior a l'import de la factura/tiquet.","")
B24: 3 | I24: 0 | J24: =IF(K24>0,K24/I24,0) -> 0 | K24: 0 | M24: =IF(K24>I24,"<< L'import imputat no pot ser superior a l'import de la factura/tiquet.","")
B25: 4 | I25: 0 | J25: =IF(K25>0,K25/I25,0) -> 0 | K25: 0 | M25: =IF(K25>I25,"<< L'import imputat no pot ser superior a l'import de la factura/tiquet.","")
B26: 5 | I26: 0 | J26: =IF(K26>0,K26/I26,0) -> 0 | K26: 0 | M26: =IF(K26>I26,"<< L'import imputat no pot ser superior a l'import de la factura/tiquet.","")
B27: 6 | I27: 0 | J27: =IF(K27>0,K27/I27,0) -> 0 | K27: 0 | M27: =IF(K27>I27,"<< L'import imputat no pot ser superior a l'import de la factura/tiquet.","")
B28: 7 | I28: 0 | J28: =IF(K28>0,K28/I28,0) -> 0 | K28: 0 | M28: =IF(K28>I28,"<< L'import imputat no pot ser superior a l'import de la factura/tiquet.","")
B29: 8 | I29: 0 | J29: =IF(K29>0,K29/I29,0) -> 0 | K29: 0 | M29: =IF(K29>I29,"<< L'import imputat no pot ser superior a l'import de la factura/tiquet.","")
B30: 9 | I30: 0 | J30: =IF(K30>0,K30/I30,0) -> 0 | K30: 0 | M30: =IF(K30>I30,"<< L'import imputat no pot ser superior a l'import de la factura/tiquet.","")
B31: 10 | I31: 0 | J31: =IF(K31>0,K31/I31,0) -> 0 | K31: 0 | M31: =IF(K31>I31,"<< L'import imputat no pot ser superior a l'import de la factura/tiquet.","")
B32: 11 | I32: 0 | J32: =IF(K32>0,K32/I32,0) -> 0 | K32: 0 | M32: =IF(K32>I32,"<< L'import imputat no pot ser superior a l'import de la factura/tiquet.","")
B33: 12 | I33: 0 | J33: =IF(K33>0,K33/I33,0) -> 0 | K33: 0 | M33: =IF(K33>I33,"<< L'import imputat no pot ser superior a l'import de la factura/tiquet.","")
... B41: 20 | I41: 0 | J41: =IF(K41>0,K41/I41,0) -> 0 | K41: 0 | M41: =IF(K41>I41,"<< L'import imputat no pot ser superior a l'import de la factura/tiquet.","")
B42: Total de la despesa | I42: =SUM(I22:I41) -> 0 | K42: =SUM(K22:K41) -> 0 | M42: =IF(AND(B56=0,K42<E10),"<< L'import justificat és inferior a l'import de la subvenció. Haureu de declarar la vostra renúncia a l'import no justificat.","") -> << L'import justificat és inferior a l'import de la subvenció. Haureu de declarar la vostra renúncia a l'import no justificat.
K43: =K42+G53 -> 0 | M43: =IF(K42>E10,"<< L'import imputat no pot ser superior a l'import de la subvenció.","")
B44: [2] Indicar si són factures, nòmines, butlletins de cotització Seguretat Social, desplaçaments...
B45: [3] Indicar el número de factura.
B46: [4] Detallar l’objecte de la factura relacionant-lo amb l’activitat subvencionada.
B47: [5] Només es pot incloure l’IVA que no sigui deduïble. En cas de nòmina, l’import que s’ha d’indicar és l’import total meritat (salari net, IRPF i aportació del treballador a la Seguretat Social).
B48: [6] Import que s'atribueix a l'actuació i que es finança amb la subvenció concedida.
B50: Verificació dels documents justificatius
B51: D'acord amb l'article 18 de les bases reguladores, els documents justificatius seran factures, minutes o altres documents amb valor acreditatiu que reuneixin tots els requisits legals exigibles. Excepcionalment, es podran presentar tiquets amb la limitació de dos tiquets de màxim 50,00 € cadascun. L'import sumat dels dos tiquets no podrà ser superior a 100,00 € i en cap cas podrà superar el 20% de l'import atorgat.
D52: Heu presentat tiquets per import de | G52: =SUMIF(C22:C41,"Tiquet",K22:K41) -> 0 | H52: =IFERROR(IF(OR(G52>100,G52>(E10*0.2))," << Supera els límits establerts.",""),"") | I52: =IF(G52>=0.01,100,0) -> 0 | J52: =IFERROR(SE10*0.2,0) -> 0 | K52: =MIN(E10,K43) -> 0
D53: =IFERROR(IF(G53=0,"","Es descomptarà l'import indegut de"),"") | G53: =IFERROR(IF(H53>=0.01,SUM(-H53),0),0) -> 0 | H53: =IFERROR(MAX(I53,J53),0) -> 0 | I53: =IF(I52=100,G52-100,0) -> 0 | J53: =IF(J52>0,G52-J52,0) -> 0
H54: =IFERROR(SUM(E10-K42-G53),0) -> 0 | I54: =TEXT(H54,"#.##,## €") -> , €
B55: Declaració de renúncia a l'import no justificat
C56: =IFERROR(IF(H54>0.01,"L'entitat declara la seva RENÚNCIA a l'import de "&I54&" no justificat correctament i es compromet a la devolució de l'import cobrat que correspongui (si escau).","No aplica"),"No aplica") -> No aplica | M56: =IF(AND(B56=0,LEN(C56)>67),"<< Heu de marcar la casella amb una X.","")
B58: Estructura de finançament i cost total de l'actuació
B60: Ingressos:
B61: Recursos propis (quotes socis, romanent, venda tiquets, entrades,....) | J61: 0
B62: Aportacions privades (patrocinadors, col·laboradors) | J62: 0
B63: ="Subvenció de l'Ajuntament de Tona - "&E8 -> Subvenció de l'Ajuntament de Tona - --- Seleccioneu una opció --- | J63: =IFERROR(MIN(M63,E10),"0") -> 0 | M63: =K42-G53 -> 0
B64: Subvencions d'altres administracions/entitats per la mateixa activitat | J64: 0 | M64: =IF(AND(J96>0,J64<=0),"<< Heu indicat que rebeu subvencions més avall. Les heu d'incloure a l'estructura de finançament.","")
B65: Altres ingressos... (detalleu quins)
B66: … | J66: 0
B67: … | J67: 0
B68: … | J68: 0
B69: Total ingressos | J69: =SUM(J61:K68) -> 0
B71: Despeses:
B72: Personal (persones integrades en l'estructura de l'entitat | J72: 0
B73: Contractació externa | J73: 0
B74: Material | J74: 0
B75: Despeses indirectes (llum, aigua, gas, etc...) | J75: 0
B76: Altres despeses... (detalleu quines)
B77: … | J77: 0
B78: … | J78: 0
B79: … | J79: 0
B80: Total despeses | J80: =SUM(J72:K79) -> 0
B82: Diferència entre ingressos i despeses | J82: =J69-J80 -> 0 | M82: =IF(OR(J82<0,J82>0),"<< L'import d'ingressos i despeses ha de coincidir.", "")
B84: ALTRES INGRESSOS I SUBVENCIONS REBUDES AMB LA MATEIXA FINALITAT
B86: Declaració d'inexistència d'altres ingressos per a finançar l'activitat subvencionada
B87: * Escriure una X a la casella en cas afirmatiu. | M87: =IF(AND(J64=0,LEN(B88)=0),"<< Heu de marcar la casella amb una X.","") -> << Heu de marcar la casella amb una X.
C88: Que no m'ha estat concedida cap subvenció pública o privada, ni tampoc he rebut cap ingrés de qualsevol naturalesa, amb la finalitat de finançar totalment o parcialment la mateixa activitat que ha estat objecte de subvenció per part de l'Ajuntament. | M88: =IF(AND(J64>0, LEN(B88)=1),"<< Heu declarat que rebeu subvencions d'altres entitats en l'apartat d'estructura de finançament. Cal que desmarqueu aquesta casella.","")
B90: Altres ingressos o subvencions rebudes amb la mateixa finalitat
B91: Entitat concedent | J91: Import | M91: =IF(AND(J64>0,J96<=0),"<< Heu declarat que rebeu subvencions d'altres entitats en l'apartat d'estructura de finançament. Heu d'indicar quines.","")
J92: 0
J93: 0
J94: 0
J95: 0
B96: Total | J96: =SUM(J92:K95) -> 0 | M96: =IF(OR(J96<J64,J96>J64),"<< L'import total d'altres subvencions ha de coincidir amb l'import indicat en l'estructura de finançament", "")

Sheet COMPTE JUSTIFICATIU 2
B1: COMPTE JUSTIFICATIU SIMPLIFICAT
B2: SUBVENCIONS EN RÈGIM DE CONCURRÈNCIA COMPETITIVA - 2025 | N2: VERIFICACIÓ DEL TRÀMIT
N3: Dades del beneficiari | O3: =IF(AND(LEN(D5)>0,LEN(J5)>0),"Correcte!","Reviseu les dades") -> Reviseu les dades
B4: DADES DEL BENEFICIARI | N4: Dades de la concessió | O4: =IF(AND(LEN(E8)>29,LEN(E9)>0,E10>0,I10>0),"Correcte!","Reviseu les dades") -> Reviseu les dades
B5: Entitat: | D5: --- Seleccioneu una opció --- | I5: CIF: | J5: =VLOOKUP(D5,'CONCESSIONS 2025'!A2:B25,2,FALSE) | N5: Memòria de realització | O5: =IF(AND(LEN(B14)>50,LEN(B16)>50),"Correcte!","Reviseu les dades") -> Reviseu les dades
N6: Relació de despeses | O6: =IF(OR(LEN(M42)>20,K42=0,LEN(M43)),"Reviseu les dades","Correcte!") -> Reviseu les dades
B7: DADES DE LA CONCESSIÓ | N7: Estructura de finançament | O7: =IF(OR(J69=0,LEN(M82)>20,LEN(M64)>20),"Reviseu les dades","Correcte!") -> Reviseu les dades
B8: Línia: | E8: --- Seleccioneu una opció --- | N8: Altres subvencions rebudes | O8: =IF(OR(LEN(M88)>20,LEN(M96)>20,LEN(M87)>5),"Reviseu les dades","Correcte!") -> Reviseu les dades
B9: Nom de l'actuació: | E9: =IFERROR(VLOOKUP(E11,'CONCESSIONS 2025'!A77:C121,2,FALSE),"") | N9: Recordatori: - Presenteu aquest formulari en format Excel (no passar-lo a PDF) - Adjunteu les factures enumerades dins un fitxer comprimit (.zip o .rar)
B10: Import subvenció: | E10: =IFERROR(VLOOKUP(E11,'CONCESSIONS 2025'!A77:C121,3,FALSE),"") | G10: Cost total de l'actuació: | I10: =IF(J80=0,"No cal omplir (càlcul automàtic)",J80) -> No cal omplir (càlcul automàtic)
E11: =J5&"_"&E8 -> _--- Seleccioneu una opció ---
B12: MEMÒRIA DE REALITZACIÓ DE L'ACTUACIÓ
B13: Descripció de l'activitat o activitats subvencionades (temporalització, actes realitzats...):
M14: =IF(LEN(B14)>100,"","<< Llargada mínima 100 caràcters.") -> << Llargada mínima 100 caràcters.
B15: Resultats obtinguts / Conclusions (impacte, incidències...):
M16: =IF(LEN(B16)>100,"","<< Llargada mínima 100 caràcters.") -> << Llargada mínima 100 caràcters.
B18: MEMÒRIA ECONÒMICA
B20: Relació de despeses
B21: Núm. Ordre | C21: Tipus de document [2] | D21: Núm. de document [3] | E21: Data del document o període nòmina | F21: Proveïdor o Tercer | G21: NIF o CIF | H21: Objecte de les factures [4] | I21: Import [5] | J21: % Imputat | K21: Import imputat [6]
B22: 1 | I22: 0 | J22: =IF(K22>0,K22/I22,0) -> 0 | K22: 0 | M22: =IF(K22>I22,"<< L'import imputat no pot ser superior a l'import de la factura/tiquet.","")
B23: 2 | I23: 0 | J23: =IF(K23>0,K23/I23,0) -> 0 | K23: 0 | M23: =IF(K23>I23,"<< L'import imputat no pot ser superior a l'import de la factura/tiquet.","")
B24: 3 | I24: 0 | J24: =IF(K24>0,K24/I24,0) -> 0 | K24: 0 | M24: =IF(K24>I24,"<< L'import imputat no pot ser superior a l'import de la factura/tiquet.","")
B25: 4 | I25: 0 | J25: =IF(K25>0,K25/I25,0) -> 0 | K25: 0 | M25: =IF(K25>I25,"<< L'import imputat no pot ser superior a l'import de la factura/tiquet.","")
B26: 5 | I26: 0 | J26: =IF(K26>0,K26/I26,0) -> 0 | K26: 0 | M26: =IF(K26>I26,"<< L'import imputat no pot ser superior a l'import de la factura/tiquet.","")
B27: 6 | I27: 0 | J27: =IF(K27>0,K27/I27,0) -> 0 | K27: 0 | M27: =IF(K27>I27,"<< L'import imputat no pot ser superior a l'import de la factura/tiquet.","")
B28: 7 | I28: 0 | J28: =IF(K28>0,K28/I28,0) -> 0 | K28: 0 | M28: =IF(K28>I28,"<< L'import imputat no pot ser superior a l'import de la factura/tiquet.","")
B29: 8 | I29: 0 | J29: =IF(K29>0,K29/I29,0) -> 0 | K29: 0 | M29: =IF(K29>I29,"<< L'import imputat no pot ser superior a l'import de la factura/tiquet.","")
B30: 9 | I30: 0 | J30: =IF(K30>0,K30/I30,0) -> 0 | K30: 0 | M30: =IF(K30>I30,"<< L'import imputat no pot ser superior a l'import de la factura/tiquet.","")
B31: 10 | I31: 0 | J31: =IF(K31>0,K31/I31,0) -> 0 | K31: 0 | M31: =IF(K31>I31,"<< L'import imputat no pot ser superior a l'import de la factura/tiquet.","")
B32: 11 | I32: 0 | J32: =IF(K32>0,K32/I32,0) -> 0 | K32: 0 | M32: =IF(K32>I32,"<< L'import imputat no pot ser superior a l'import de la factura/tiquet.","")
B33: 12 | I33: 0 | J33: =IF(K33>0,K33/I33,0) -> 0 | K33: 0 | M33: =IF(K33>I33,"<< L'import imputat no pot ser superior a l'import de la factura/tiquet.","")
... B41: 20 | I41: 0 | J41: =IF(K41>0,K41/I41,0) -> 0 | K41: 0 | M41: =IF(K41>I41,"<< L'import imputat no pot ser superior a l'import de la factura/tiquet.","")
B42: Total de la despesa | I42: =SUM(I22:I41) -> 0 | K42: =SUM(K22:K41) -> 0 | M42: =IF(AND(B56=0,K42<E10),"<< L'import justificat és inferior a l'import de la subvenció. Haureu de declarar la vostra renúncia a l'import no justificat.","") -> << L'import justificat és inferior a l'import de la subvenció. Haureu de declarar la vostra renúncia a l'import no justificat.
K43: =K42+G53 -> 0 | M43: =IF(K42>E10,"<< L'import imputat no pot ser superior a l'import de la subvenció.","")
B44: [2] Indicar si són factures, nòmines, butlletins de cotització Seguretat Social, desplaçaments...
B45: [3] Indicar el número de factura.
B46: [4] Detallar l’objecte de la factura relacionant-lo amb l’activitat subvencionada.
B47: [5] Només es pot incloure l’IVA que no sigui deduïble. En cas de nòmina, l’import que s’ha d’indicar és l’import total meritat (salari net, IRPF i aportació del treballador a la Seguretat Social).
B48: [6] Import que s'atribueix a l'actuació i que es finança amb la subvenció concedida.
B50: Verificació dels documents justificatius
B51: D'acord amb l'article 18 de les bases reguladores, els documents justificatius seran factures, minutes o altres documents amb valor acreditatiu que reuneixin tots els requisits legals exigibles. Excepcionalment, es podran presentar tiquets amb la limitació de dos tiquets de màxim 50,00 € cadascun. L'import sumat dels dos tiquets no podrà ser superior a 100,00 € i en cap cas podrà superar el 20% de l'import atorgat.
D52: Heu presentat tiquets per import de | G52: =SUMIF(C22:C41,"Tiquet",K22:K41) -> 0 | H52: =IFERROR(IF(OR(G52>100,G52>(E10*0.2))," << Supera els límits establerts.",""),"") | I52: =IF(G52>=0.01,100,0) -> 0 | J52: =IFERROR(SE10*0.2,0) -> 0 | K52: =MIN(E10,K43) -> 0
D53: =IFERROR(IF(G53=0,"","Es descomptarà l'import indegut de"),"") | G53: =IFERROR(IF(H53>=0.01,SUM(-H53),0),0) -> 0 | H53: =IFERROR(MAX(I53,J53),0) -> 0 | I53: =IF(I52=100,G52-100,0) -> 0 | J53: =IF(J52>0,G52-J52,0) -> 0
H54: =IFERROR(SUM(E10-K42-G53),0) -> 0 | I54: =TEXT(H54,"#.##,## €") -> , €
B55: Declaració de renúncia a l'import no justificat
C56: =IFERROR(IF(H54>0.01,"L'entitat declara la seva RENÚNCIA a l'import de "&I54&" no justificat correctament i es compromet a la devolució de l'import cobrat que correspongui (si escau).","No aplica"),"No aplica") -> No aplica | M56: =IF(AND(B56=0,LEN(C56)>67),"<< Heu de marcar la casella amb una X.","")
B58: Estructura de finançament i cost total de l'actuació
B60: Ingressos:
B61: Recursos propis (quotes socis, romanent, venda tiquets, entrades,....) | J61: 0
B62: Aportacions privades (patrocinadors, col·laboradors) | J62: 0
B63: ="Subvenció de l'Ajuntament de Tona - "&E8 -> Subvenció de l'Ajuntament de Tona - --- Seleccioneu una opció --- | J63: =IFERROR(MIN(M63,E10),"0") -> 0 | M63: =K42-G53 -> 0
B64: Subvencions d'altres administracions/entitats per la mateixa activitat | J64: 0 | M64: =IF(AND(J96>0,J64<=0),"<< Heu indicat que rebeu subvencions més avall. Les heu d'incloure a l'estructura de finançament.","")
B65: Altres ingressos... (detalleu quins)
B66: … | J66: 0
B67: … | J67: 0
B68: … | J68: 0
B69: Total ingressos | J69: =SUM(J61:K68) -> 0
B71: Despeses:
B72: Personal (persones integrades en l'estructura de l'entitat | J72: 0
B73: Contractació externa | J73: 0
B74: Material | J74: 0
B75: Despeses indirectes (llum, aigua, gas, etc...) | J75: 0
B76: Altres despeses... (detalleu quines)
B77: … | J77: 0
B78: … | J78: 0
B79: … | J79: 0
B80: Total despeses | J80: =SUM(J72:K79) -> 0
B82: Diferència entre ingressos i despeses | J82: =J69-J80 -> 0 | M82: =IF(OR(J82<0,J82>0),"<< L'import d'ingressos i despeses ha de coincidir.", "")
B84: ALTRES INGRESSOS I SUBVENCIONS REBUDES AMB LA MATEIXA FINALITAT
B86: Declaració d'inexistència d'altres ingressos per a finançar l'activitat subvencionada
B87: * Escriure una X a la casella en cas afirmatiu. | M87: =IF(AND(J64=0,LEN(B88)=0),"<< Heu de marcar la casella amb una X.","") -> << Heu de marcar la casella amb una X.
C88: Que no m'ha estat concedida cap subvenció pública o privada, ni tampoc he rebut cap ingrés de qualsevol naturalesa, amb la finalitat de finançar totalment o parcialment la mateixa activitat que ha estat objecte de subvenció per part de l'Ajuntament. | M88: =IF(AND(J64>0, LEN(B88)=1),"<< Heu declarat que rebeu subvencions d'altres entitats en l'apartat d'estructura de finançament. Cal que desmarqueu aquesta casella.","")
B90: Altres ingressos o subvencions rebudes amb la mateixa finalitat
B91: Entitat concedent | J91: Import | M91: =IF(AND(J64>0,J96<=0),"<< Heu declarat que rebeu subvencions d'altres entitats en l'apartat d'estructura de finançament. Heu d'indicar quines.","")
J92: 0
J93: 0
J94: 0
J95: 0
B96: Total | J96: =SUM(J92:K95) -> 0 | M96: =IF(OR(J96<J64,J96>J64),"<< L'import total d'altres subvencions ha de coincidir amb l'import indicat en l'estructura de finançament", "")

Sheet COMPTE JUSTIFICATIU 3
B1: COMPTE JUSTIFICATIU SIMPLIFICAT
B2: SUBVENCIONS EN RÈGIM DE CONCURRÈNCIA COMPETITIVA - 2025 | N2: VERIFICACIÓ DEL TRÀMIT
N3: Dades del beneficiari | O3: =IF(AND(LEN(D5)>0,LEN(J5)>0),"Correcte!","Reviseu les dades") -> Reviseu les dades
B4: DADES DEL BENEFICIARI | N4: Dades de la concessió | O4: =IF(AND(LEN(E8)>29,LEN(E9)>0,E10>0,I10>0),"Correcte!","Reviseu les dades") -> Reviseu les dades
B5: Entitat: | D5: --- Seleccioneu una opció --- | I5: CIF: | J5: =VLOOKUP(D5,'CONCESSIONS 2025'!A2:B25,2,FALSE) | N5: Memòria de realització | O5: =IF(AND(LEN(B14)>50,LEN(B16)>50),"Correcte!","Reviseu les dades") -> Reviseu les dades
N6: Relació de despeses | O6: =IF(OR(LEN(M42)>20,K42=0,LEN(M43)),"Reviseu les dades","Correcte!") -> Reviseu les dades
B7: DADES DE LA CONCESSIÓ | N7: Estructura de finançament | O7: =IF(OR(J69=0,LEN(M82)>20,LEN(M64)>20),"Reviseu les dades","Correcte!") -> Reviseu les dades
B8: Línia: | E8: --- Seleccioneu una opció --- | N8: Altres subvencions rebudes | O8: =IF(OR(LEN(M88)>20,LEN(M96)>20,LEN(M87)>5),"Reviseu les dades","Correcte!") -> Reviseu les dades
B9: Nom de l'actuació: | E9: =IFERROR(VLOOKUP(E11,'CONCESSIONS 2025'!A77:C121,2,FALSE),"") | N9: Recordatori: - Presenteu aquest formulari en format Excel (no passar-lo a PDF) - Adjunteu les factures enumerades dins un fitxer comprimit (.zip o .rar)
B10: Import subvenció: | E10: =IFERROR(VLOOKUP(E11,'CONCESSIONS 2025'!A77:C121,3,FALSE),"") | G10: Cost total de l'actuació: | I10: =IF(J80=0,"No cal omplir (càlcul automàtic)",J80) -> No cal omplir (càlcul automàtic)
E11: =J5&"_"&E8 -> _--- Seleccioneu una opció ---
B12: MEMÒRIA DE REALITZACIÓ DE L'ACTUACIÓ
B13: Descripció de l'activitat o activitats subvencionades (temporalització, actes realitzats...):
M14: =IF(LEN(B14)>100,"","<< Llargada mínima 100 caràcters.") -> << Llargada mínima 100 caràcters.
B15: Resultats obtinguts / Conclusions (impacte, incidències...):
M16: =IF(LEN(B16)>100,"","<< Llargada mínima 100 caràcters.") -> << Llargada mínima 100 caràcters.
B18: MEMÒRIA ECONÒMICA
B20: Relació de despeses
B21: Núm. Ordre | C21: Tipus de document [2] | D21: Núm. de document [3] | E21: Data del document o període nòmina | F21: Proveïdor o Tercer | G21: NIF o CIF | H21: Objecte de les factures [4] | I21: Import [5] | J21: % Imputat | K21: Import imputat [6]
B22: 1 | I22: 0 | J22: =IF(K22>0,K22/I22,0) -> 0 | K22: 0 | M22: =IF(K22>I22,"<< L'import imputat no pot ser superior a l'import de la factura/tiquet.","")
B23: 2 | I23: 0 | J23: =IF(K23>0,K23/I23,0) -> 0 | K23: 0 | M23: =IF(K23>I23,"<< L'import imputat no pot ser superior a l'import de la factura/tiquet.","")
B24: 3 | I24: 0 | J24: =IF(K24>0,K24/I24,0) -> 0 | K24: 0 | M24: =IF(K24>I24,"<< L'import imputat no pot ser superior a l'import de la factura/tiquet.","")
B25: 4 | I25: 0 | J25: =IF(K25>0,K25/I25,0) -> 0 | K25: 0 | M25: =IF(K25>I25,"<< L'import imputat no pot ser superior a l'import de la factura/tiquet.","")
B26: 5 | I26: 0 | J26: =IF(K26>0,K26/I26,0) -> 0 | K26: 0 | M26: =IF(K26>I26,"<< L'import imputat no pot ser superior a l'import de la factura/tiquet.","")
B27: 6 | I27: 0 | J27: =IF(K27>0,K27/I27,0) -> 0 | K27: 0 | M27: =IF(K27>I27,"<< L'import imputat no pot ser superior a l'import de la factura/tiquet.","")
B28: 7 | I28: 0 | J28: =IF(K28>0,K28/I28,0) -> 0 | K28: 0 | M28: =IF(K28>I28,"<< L'import imputat no pot ser superior a l'import de la factura/tiquet.","")
B29: 8 | I29: 0 | J29: =IF(K29>0,K29/I29,0) -> 0 | K29: 0 | M29: =IF(K29>I29,"<< L'import imputat no pot ser superior a l'import de la factura/tiquet.","")
B30: 9 | I30: 0 | J30: =IF(K30>0,K30/I30,0) -> 0 | K30: 0 | M30: =IF(K30>I30,"<< L'import imputat no pot ser superior a l'import de la factura/tiquet.","")
B31: 10 | I31: 0 | J31: =IF(K31>0,K31/I31,0) -> 0 | K31: 0 | M31: =IF(K31>I31,"<< L'import imputat no pot ser superior a l'import de la factura/tiquet.","")
B32: 11 | I32: 0 | J32: =IF(K32>0,K32/I32,0) -> 0 | K32: 0 | M32: =IF(K32>I32,"<< L'import imputat no pot ser superior a l'import de la factura/tiquet.","")
B33: 12 | I33: 0 | J33: =IF(K33>0,K33/I33,0) -> 0 | K33: 0 | M33: =IF(K33>I33,"<< L'import imputat no pot ser superior a l'import de la factura/tiquet.","")
... B41: 20 | I41: 0 | J41: =IF(K41>0,K41/I41,0) -> 0 | K41: 0 | M41: =IF(K41>I41,"<< L'import imputat no pot ser superior a l'import de la factura/tiquet.","")
B42: Total de la despesa | I42: =SUM(I22:I41) -> 0 | K42: =SUM(K22:K41) -> 0 | M42: =IF(AND(B56=0,K42<E10),"<< L'import justificat és inferior a l'import de la subvenció. Haureu de declarar la vostra renúncia a l'import no justificat.","") -> << L'import justificat és inferior a l'import de la subvenció. Haureu de declarar la vostra renúncia a l'import no justificat.
K43: =K42+G53 -> 0 | M43: =IF(K42>E10,"<< L'import imputat no pot ser superior a l'import de la subvenció.","")
B44: [2] Indicar si són factures, nòmines, butlletins de cotització Seguretat Social, desplaçaments...
B45: [3] Indicar el número de factura.
B46: [4] Detallar l’objecte de la factura relacionant-lo amb l’activitat subvencionada.
B47: [5] Només es pot incloure l’IVA que no sigui deduïble. En cas de nòmina, l’import que s’ha d’indicar és l’import total meritat (salari net, IRPF i aportació del treballador a la Seguretat Social).
B48: [6] Import que s'atribueix a l'actuació i que es finança amb la subvenció concedida.
B50: Verificació dels documents justificatius
B51: D'acord amb l'article 18 de les bases reguladores, els documents justificatius seran factures, minutes o altres documents amb valor acreditatiu que reuneixin tots els requisits legals exigibles. Excepcionalment, es podran presentar tiquets amb la limitació de dos tiquets de màxim 50,00 € cadascun. L'import sumat dels dos tiquets no podrà ser superior a 100,00 € i en cap cas podrà superar el 20% de l'import atorgat.
D52: Heu presentat tiquets per import de | G52: =SUMIF(C22:C41,"Tiquet",K22:K41) -> 0 | H52: =IFERROR(IF(OR(G52>100,G52>(E10*0.2))," << Supera els límits establerts.",""),"") | I52: =IF(G52>=0.01,100,0) -> 0 | J52: =IFERROR(SE10*0.2,0) -> 0 | K52: =MIN(E10,K43) -> 0
D53: =IFERROR(IF(G53=0,"","Es descomptarà l'import indegut de"),"") | G53: =IFERROR(IF(H53>=0.01,SUM(-H53),0),0) -> 0 | H53: =IFERROR(MAX(I53,J53),0) -> 0 | I53: =IF(I52=100,G52-100,0) -> 0 | J53: =IF(J52>0,G52-J52,0) -> 0
H54: =IFERROR(SUM(E10-K42-G53),0) -> 0 | I54: =TEXT(H54,"#.##,## €") -> , €
B55: Declaració de renúncia a l'import no justificat
C56: =IFERROR(IF(H54>0.01,"L'entitat declara la seva RENÚNCIA a l'import de "&I54&" no justificat correctament i es compromet a la devolució de l'import cobrat que correspongui (si escau).","No aplica"),"No aplica") -> No aplica | M56: =IF(AND(B56=0,LEN(C56)>67),"<< Heu de marcar la casella amb una X.","")
B58: Estructura de finançament i cost total de l'actuació
B60: Ingressos:
B61: Recursos propis (quotes socis, romanent, venda tiquets, entrades,....) | J61: 0
B62: Aportacions privades (patrocinadors, col·laboradors) | J62: 0
B63: ="Subvenció de l'Ajuntament de Tona - "&E8 -> Subvenció de l'Ajuntament de Tona - --- Seleccioneu una opció --- | J63: =IFERROR(MIN(M63,E10),"0") -> 0 | M63: =K42-G53 -> 0
B64: Subvencions d'altres administracions/entitats per la mateixa activitat | J64: 0 | M64: =IF(AND(J96>0,J64<=0),"<< Heu indicat que rebeu subvencions més avall. Les heu d'incloure a l'estructura de finançament.","")
B65: Altres ingressos... (detalleu quins)
B66: … | J66: 0
B67: … | J67: 0
B68: … | J68: 0
B69: Total ingressos | J69: =SUM(J61:K68) -> 0
B71: Despeses:
B72: Personal (persones integrades en l'estructura de l'entitat | J72: 0
B73: Contractació externa | J73: 0
B74: Material | J74: 0
B75: Despeses indirectes (llum, aigua, gas, etc...) | J75: 0
B76: Altres despeses... (detalleu quines)
B77: … | J77: 0
B78: … | J78: 0
B79: … | J79: 0
B80: Total despeses | J80: =SUM(J72:K79) -> 0
B82: Diferència entre ingressos i despeses | J82: =J69-J80 -> 0 | M82: =IF(OR(J82<0,J82>0),"<< L'import d'ingressos i despeses ha de coincidir.", "")
B84: ALTRES INGRESSOS I SUBVENCIONS REBUDES AMB LA MATEIXA FINALITAT
B86: Declaració d'inexistència d'altres ingressos per a finançar l'activitat subvencionada
B87: * Escriure una X a la casella en cas afirmatiu. | M87: =IF(AND(J64=0,LEN(B88)=0),"<< Heu de marcar la casella amb una X.","") -> << Heu de marcar la casella amb una X.
C88: Que no m'ha estat concedida cap subvenció pública o privada, ni tampoc he rebut cap ingrés de qualsevol naturalesa, amb la finalitat de finançar totalment o parcialment la mateixa activitat que ha estat objecte de subvenció per part de l'Ajuntament. | M88: =IF(AND(J64>0, LEN(B88)=1),"<< Heu declarat que rebeu subvencions d'altres entitats en l'apartat d'estructura de finançament. Cal que desmarqueu aquesta casella.","")
B90: Altres ingressos o subvencions rebudes amb la mateixa finalitat
B91: Entitat concedent | J91: Import | M91: =IF(AND(J64>0,J96<=0),"<< Heu declarat que rebeu subvencions d'altres entitats en l'apartat d'estructura de finançament. Heu d'indicar quines.","")
J92: 0
J93: 0
J94: 0
J95: 0
B96: Total | J96: =SUM(J92:K95) -> 0 | M96: =IF(OR(J96<J64,J96>J64),"<< L'import total d'altres subvencions ha de coincidir amb l'import indicat en l'estructura de finançament", "")

Sheet TAULES (NO TOCAR)
A1: Camp obligatori
A2: * Camp obligatori *
A4: Convocatòria
A5: --- Seleccioneu una opció ---
A6: a1) Despeses generals per al funcionament de les entitats esportives
A7: a2) Esdeveniments esportius puntuals
A8: b1) Despeses generals per al funcionament de les entitats culturals, mediambientals i/o socials
A9: b2) Esdeveniments, activitats i/o serveis de les entitats culturals, mediambientals i/o socials
A10: b3) Iniciatives per a l’acompanyament a l’escolaritat de les associacions de pares, mares i famílies dels centres escolars
A11: b4) Formació: tallers o xerrades formatives internes d'interès públic a l’associació i/o obertes a la ciutadania
A12: c1) Finançar activitats realitzades per les entitats representatives del sector comercial i de serveis
A14: Tipus de justificant
... A19: Altres

Sheet CONCESSIONS 2025
A1: NomEntitat | B1: CIF
A2: --- Seleccioneu una opció --- | B2: =""
A3: AFA IES Tona | B3: G62697354
A4: AFA l'Era de Dalt | B4: G08995243
A5: Agrupació Fotogràfica de Tona | B5: G63033096
A6: AMPA Escola Vedruna Tona | B6: G59728212
A7: Asociación Cultural Andaluza de Tona i Balenyà | B7: G59835405
A8: Associació AMCT (Associació de Malalties Cròniques de Tona) | B8: G16431058
A9: Associació Atlètica Tona | B9: G59528737
A10: Associació de Gegants de Tona | B10: G75409094
A11: Associació de Jubilats i Pensionistes de Tona | B11: G59379420
A12: Associació Persones Voluntàries Tona | B12: G67368100
A13: Associació Tresatre | B13: G67296939
A14: Centre Excursionista Tona | B14: G59503409
... A25: La Tonenca SCCL | B25: F10771640
A28: Línia | B28: NomEntitat | C28: CIF | D28: Import ATORGAT | E28: Nom actuació | F28: Columna1
A29: --- Seleccioneu una opció --- | B29: =" " | C29: =" " | D29: =" " | E29: =" " | F29: =""
A30: a1) Despeses generals per al funcionament de les entitats esportives | B30: Associació Atlètica Tona | C30: G59528737 | D30: 682.75 | E30: Despeses bàsiques de l'entitat | F30: G59528737_a1) Despeses generals per al funcionament de les entitats esportives
A31: a1) Despeses generals per al funcionament de les entitats esportives | B31: Centre Excursionista Tona | C31: G59503409 | D31: 362.71 | E31: Despeses bàsiques de l'entitat | F31: G59503409_a1) Despeses generals per al funcionament de les entitats esportives
A32: a1) Despeses generals per al funcionament de les entitats esportives | B32: Club Bàsquet Tona | C32: G60046786 | D32: 2474.94 | E32: Despeses bàsiques de l'entitat | F32: G60046786_a1) Despeses generals per al funcionament de les entitats esportives
A33: a1) Despeses generals per al funcionament de les entitats esportives | B33: Club Tennis Taula Tona | C33: G65628752 | D33: 490.72 | E33: Despeses bàsiques de l'entitat | F33: G65628752_a1) Despeses generals per al funcionament de les entitats esportives
A34: a1) Despeses generals per al funcionament de les entitats esportives | B34: Fundació Privada UE Tona | C34: G64929540 | D34: 1590 | E34: Despeses bàsiques de l'entitat | F34: G64929540_a1) Despeses generals per al funcionament de les entitats esportives
A35: a1) Despeses generals per al funcionament de les entitats esportives | B35: Hoquei Patins Tona | C35: G60619996 | D35: 1898.88 | E35: Despeses bàsiques de l'entitat | F35: G60619996_a1) Despeses generals per al funcionament de les entitats esportives
A36: a2) Esdeveniments esportius puntuals | B36: Centre Excursionista Tona | C36: G59503409 | D36: 303.46 | E36: Cursa d'orientació | F36: G59503409_a2) Esdeveniments esportius puntuals
A37: a2) Esdeveniments esportius puntuals | B37: Club Bàsquet Tona | C37: G60046786 | D37: 366.09 | E37: Torneig de la Puríssima | F37: G60046786_a2) Esdeveniments esportius puntuals
A38: a2) Esdeveniments esportius puntuals | B38: Club Tennis Taula Tona | C38: G65628752 | D38: 330.45 | E38: Torneig Màsters d'Osona Memorial Lluís Mas | F38: G65628752_a2) Esdeveniments esportius puntuals
A39: b1) Despeses generals per al funcionament de les entitats culturals, mediambientals i/o socials | B39: Agrupació Fotogràfica de Tona | C39: G63033096 | D39: 375 | E39: Despeses bàsiques de l'entitat | F39: G63033096_b1) Despeses generals per al funcionament de les entitats culturals, mediambientals i/o socials
A40: b1) Despeses generals per al funcionament de les entitats culturals, mediambientals i/o socials | B40: Associació AMCT (Associació de Malalties Cròniques de Tona) | C40: G16431058 | D40: 659.3 | E40: Despeses bàsiques de l'entitat | F40: G16431058_b1) Despeses generals per al funcionament de les entitats culturals, mediambientals i/o socials
A41: b1) Despeses generals per al funcionament de les entitats culturals, mediambientals i/o socials | B41: Associació de Gegants de Tona | C41: G75409094 | D41: 762.25 | E41: Despeses bàsiques de l'entitat | F41: G75409094_b1) Despeses generals per al funcionament de les entitats culturals, mediambientals i/o socials
... A73: b4) Formació: tallers o xerrades formatives internes d'interès públic a l’associació i/o obertes a la ciutadania | B73: La Tonenca SCCL | C73: F10771640 | D73: 87.65 | E73: Redueix la teva factura eléctrica | F73: F10771640_b4) Formació: tallers o xerrades formatives internes d'interès públic a l’associació i/o obertes a la ciutadania
A74: c1) Finançar activitats realitzades per les entitats representatives del sector comercial i de serveis
A76: Columna1 | B76: Nom actuació | C76: Columna2
A77: ="" | B77: ="" | C77: =""
A78: G59528737_a1) Despeses generals per al funcionament de les entitats esportives | B78: Despeses bàsiques de l'entitat | C78: 682.75
A79: G59503409_a1) Despeses generals per al funcionament de les entitats esportives | B79: Despeses bàsiques de l'entitat | C79: 362.71
A80: G60046786_a1) Despeses generals per al funcionament de les entitats esportives | B80: Despeses bàsiques de l'entitat | C80: 2474.94
A81: G65628752_a1) Despeses generals per al funcionament de les entitats esportives | B81: Despeses bàsiques de l'entitat | C81: 490.72
A82: G64929540_a1) Despeses generals per al funcionament de les entitats esportives | B82: Despeses bàsiques de l'entitat | C82: 1590
A83: G60619996_a1) Despeses generals per al funcionament de les entitats esportives | B83: Despeses bàsiques de l'entitat | C83: 1898.88
A84: G59503409_a2) Esdeveniments esportius puntuals | B84: Cursa d'orientació | C84: 303.46
A85: G60046786_a2) Esdeveniments esportius puntuals | B85: Torneig de la Puríssima | C85: 366.09
A86: G65628752_a2) Esdeveniments esportius puntuals | B86: Torneig Màsters d'Osona Memorial Lluís Mas | C86: 330.45
A87: G63033096_b1) Despeses generals per al funcionament de les entitats culturals, mediambientals i/o socials | B87: Despeses bàsiques de l'entitat | C87: 375
A88: G16431058_b1) Despeses generals per al funcionament de les entitats culturals, mediambientals i/o socials | B88: Despeses bàsiques de l'entitat | C88: 659.3
A89: G75409094_b1) Despeses generals per al funcionament de les entitats culturals, mediambientals i/o socials | B89: Despeses bàsiques de l'entitat | C89: 762.25
... A121: F10771640_b4) Formació: tallers o xerrades formatives internes d'interès públic a l’associació i/o obertes a la ciutadania | B121: Redueix la teva factura eléctrica | C121: 87.65
